 Dungeon Crawl Stone Soup version 0.28.0 (webtiles) character file.

Game seed: 185659165646828807

8693 LustLizard the Cleaver (level 11, 0/141 HPs)
             Began as a Minotaur Berserker on Feb 8, 2022.
             Was an Elder of Trog.
             Slain by a fire elemental (9 damage)
             ... summoned by a deep elf pyromancer
             ... on level 10 of the Dungeon on Feb 9, 2022.
             The game lasted 00:27:35 (10584 turns).

LustLizard the Cleaver (Minotaur Berserker)        Turns: 10584, Time: 00:27:42

Health: 0/141      AC: 16    Str: 24    XL:     11   Next: 13%
Magic:  19/19      EV:  6    Int: 14    God:    Trog [****..]
Gold:   1279       SH: 10    Dex:  6    Spells: 10/10 levels left

rFire   . . .      SeeInvis .   O - +1 broad axe (elec)
rCold   . . .      Faith    .   Y - +0 buckler {reflect}
rNeg    . . .      Spirit   .   N - +0 plate armour
rPois   +          Reflect  +   (helmet restricted)
rElec   .          Harm     .   D - +0 cloak
rCorr   .          Rampage  .   S - +0 pair of gloves
Will    .....                   F - +2 pair of boots
Stlth   ..........              R - amulet of reflection
HPRegen 0.33/turn               M - ring "Zoppiosico" {Fly rPois MP+9 Int+8 Dex-4}
MPRegen 0.16/turn               (no ring)

@: berserking, flying, very quick
A: horns 2, retaliatory headbutt
a: Renounce Religion, Berserk, Trog's Hand, Brothers in Arms


You were on level 10 of the Dungeon.
You worshipped Trog.
Trog was greatly pleased with you.
You visited 1 branch of the dungeon, and saw 10 of its levels.
You also visited: Bailey.

You collected 1524 gold pieces.
You spent 245 gold pieces at shops.

Inventory:

Hand Weapons
 a - a +0 hand axe
 I - a +0 broad axe
 O - a +1 broad axe of electrocution (weapon)
Missiles
 h - 212 stones (quivered)
 q - 22 poisoned darts
 E - 13 throwing nets
 W - 5 boomerangs
Armour
 b - a +0 animal skin
 r - a +0 buckler
 s - a +0 troll leather armour
 D - a +0 cloak (worn)
 F - a +2 pair of boots (worn)
 L - a +0 chain mail
 N - a +0 plate armour (worn)
 S - a +0 pair of gloves (worn)
 Y - a +0 buckler of reflection (worn)
Jewellery
 n - an amulet of magic regeneration
 v - an amulet of guardian spirit
 M - the ring "Zoppiosico" (left hand) {Fly rPois MP+9 Int+8 Dex-4}
   (You took it off a gnoll shaman in a bailey)

   [ring of flight]

   Int:       It affects your intelligence (+8).
   Dex:       It affects your dexterity (-4).
   rPois:     It protects you from poison.
   MP:        It affects your magic capacity (+9).
   Fly:       It grants you flight.
 R - an amulet of reflection (around neck)
 X - a ring of protection from cold
Wands
 z - a wand of flame (33)
 C - a wand of digging (9)
 K - a wand of mindburst (15)
 Q - a wand of iceblast (7)
Scrolls
 c - 3 scrolls of enchant weapon {unknown}
 e - 3 scrolls of teleportation
 f - 2 scrolls of noise {unknown}
 j - a scroll of fear {unknown}
 k - 2 scrolls of torment {unknown}
 l - a scroll of vulnerability {unknown}
 p - 2 scrolls of magic mapping
 t - a scroll of brand weapon {unknown}
 y - a scroll of enchant armour
 B - 2 scrolls of blinking {unknown}
 P - a scroll of identify
 U - a scroll of immolation {unknown}
Potions
 d - a potion of cancellation
 g - 2 potions of berserk rage
 i - a potion of degeneration
 m - a potion of ambrosia
 o - a potion of mutation
 u - 3 potions of curing
 w - a potion of brilliance
 x - a potion of resistance
 A - a potion of lignification {unknown}
 G - a potion of flight {unknown}
 H - a potion of might {unknown}
 J - a potion of haste {unknown}
 T - a potion of attraction {unknown}
 V - 2 potions of heal wounds {unknown}
 Z - a potion of magic {unknown}


   Skills:
 + Level 8.2 Fighting
 * Level 11.0 Axes
 * Level 8.4 Throwing
 - Level 2.4 Armour
 - Level 2.1 Dodging
 - Level 9.2 Shields
 * Level 6.9 Evocations


You had 10 spell levels left.
You didn't know any spells.
Your spell library was empty.

Dungeon Overview and Level Annotations

Branches:
Dungeon (10/15)            Temple (0/1) D:4            Lair (0/6) D:9
    Orc (0/2) D:9          Bailey (visited)

Altars:
Okawaru

Shops:
D:5 =??   D:7 !   D:8 =


Innate Abilities, Weirdness & Mutations

You have a pair of horns on your head.
You reflexively headbutt those who attack you in melee.


Message History

The deep elf pyromancer gestures wildly while chanting.
The deep elf pyromancer blinks!
The fire elemental hits you. The fire elemental burns you!
The fire elemental hits you. The fire elemental burns you!
You barely miss the fire elemental. x2; You slash the fire elemental!
The deep elf pyromancer gestures at you while chanting.
The bolt of fire hits you!
You block the fire elemental's attack. x2
The fire elemental hits you. The fire elemental burns you!
The deep elf pyromancer gestures wildly while chanting.
The deep elf pyromancer blinks!
You block the fire elemental's attack. The fire elemental hits you.
The fire elemental burns you! The fire elemental hits you.
The fire elemental burns you! The fire elemental barely misses you.
You barely miss the fire elemental.
The fire elemental is severely damaged.
You hit the fire elemental. You closely miss the fire elemental.
The fire elemental hits you. The fire elemental burns you!
The fire elemental hits you. The fire elemental burns you!
The fire elemental hits you. The fire elemental burns you!
A red film seems to cover your vision as you go berserk!
You feel yourself moving faster!
You feel mighty! The fire elemental hits you. The fire elemental burns you!
* * * LOW HITPOINT WARNING * * *
You block the fire elemental's attack. x2
You hit the fire elemental.
The fire elemental is moderately damaged.
You slash the fire elemental! x2; The fire elemental hits you.
The fire elemental burns you!
* * * LOW HITPOINT WARNING * * *
The fire elemental hits you. The fire elemental burns you!
* * * LOW HITPOINT WARNING * * *
You block the fire elemental's attack.
You hit the fire elemental.
You destroy the fire elemental!
The fire elemental disappears in a puff of smoke!
You barely miss the fire elemental. You closely miss the fire elemental.
The fire elemental hits you. The fire elemental burns you!
* * * LOW HITPOINT WARNING * * *
The fire elemental hits you. The fire elemental burns you!
You die...

#...#.#....+
.
#...#+#....#
#.#.....##.#
#....#..##
####.#.....
#.#.#####
#...# #.E.#
#°E@# #e§..#
#.##.# #..
.# #.. .# #.
.# #. .# ##


You could see a deep elf pyromancer and 2 fire elementals.

Vanquished Creatures
  Harold (D:7)
  A centaur warrior (D:10)
  A tengu warrior (D:10)
  An efreet (D:9)
  A tengu conjurer (D:10)
  2 trolls (D:9)
  A hornet (D:8)
  Grinder (D:6)
  Prince Ribbit (D:9)
  A wyvern (D:8)
  Eustachio (D:6)
  Menkaure (D:6)
  2 water moccasins
  A hornet zombie (D:7)
  2 orc warriors (D:9)
  An ice beast (D:7)
  An ogre (D:5)
  A necrophage (D:6)
  6 wolves
  5 centaurs
  A phantom (D:7)
  Blork the orc (D:4)
  2 bullfrogs
  A scorpion (D:4)
  11 gnoll sergeants
  A wyvern skeleton (D:6)
  4 killer bees (D:9)
  An electric eel (D:9)
  4 howler monkeys
  A jelly (D:6)
  A bullfrog zombie (D:7)
  3 centaur zombies
  9 gnoll shamans
  9 hounds
  7 orc priests (D:9)
  4 iguanas
  5 orc wizards (D:9)
  A killer bee zombie (D:8)
  3 howler monkey zombies
  30 gnolls
  8 adders
  2 ufetubi (D:5)
  A worm (D:4)
  2 dart slugs
  39 orcs
  7 ball pythons
  4 endoplasms
  2 giant cockroaches
  7 goblins
  3 hobgoblins
  4 jackals (D:1)
  8 quokkas
  3 bats
  2 frilled lizards
  5 kobolds
  5 rats
233 creatures vanquished.

Notes
Turn   | Place    | Note
-------+----------+-------------------------------------------
     0 | D:1      | LustLizard the Minotaur Berserker began the quest for the
                  | Orb.
     0 | D:1      | Reached XP level 1. HP: 19/19 MP: 0/0
    36 | D:1      | Found a faded altar of an unknown god.
    59 | D:1      | Reached skill level 4 in Axes
   150 | D:1      | Reached XP level 2. HP: 25/27 MP: 1/1
   969 | D:1      | Reached ** piety under Trog
  1128 | D:2      | Reached XP level 3. HP: 33/33 MP: 2/2
  1455 | D:2      | You fall into a shaft and drop 2 floors!
  1482 | D:4      | Found a staircase to the Ecumenical Temple.
  1775 | D:4      | Noticed Blork the orc
  1779 | D:4      | Killed Blork the orc
  1780 | D:4      | Reached skill level 5 in Axes
  1780 | D:4      | Reached XP level 4. HP: 41/41 MP: 3/3
  2174 | D:3      | Reached skill level 1 in Shields
  2174 | D:3      | Reached XP level 5. HP: 46/47 MP: 4/4
  2469 | D:3      | Found an iron altar of Okawaru.
  2802 | D:5      | Entered Level 5 of the Dungeon
  2881 | D:5      | Found Kaineafa's Magic Scroll Shoppe.
  2902 | D:5      | Reached XP level 6. HP: 51/55 MP: 3/5
  2909 | D:5      | Reached skill level 5 in Fighting
  2909 | D:5      | Reached skill level 6 in Axes
  2922 | D:5      | Bought a scroll of identify for 24 gold pieces
  2922 | D:5      | Bought a scroll of teleportation for 36 gold pieces
  2922 | D:5      | Bought a scroll of enchant armour for 90 gold pieces
  3153 | D:5      | Found Uppat's Magic Scroll Shoppe.
  3156 | D:5      | Bought a scroll of identify for 20 gold pieces
  3156 | D:5      | Bought a scroll of magic mapping for 35 gold pieces
  3156 | D:5      | Bought a scroll of identify for 20 gold pieces
  3156 | D:5      | Bought a scroll of identify for 20 gold pieces
  3255 | D:5      | Reached skill level 1 in Evocations
  3255 | D:5      | Reached XP level 7. HP: 61/61 MP: 6/6
  3279 | D:5      | Reached *** piety under Trog
  3575 | D:5      | Found Taicuq's Jewellery Boutique.
  3870 | D:6      | Noticed Eustachio
  4314 | D:6      | Noticed Grinder
  4315 | D:6      | Paralysed by Grinder for 6 turns
  4331 | D:6      | Killed Grinder
  4332 | D:6      | Reached skill level 7 in Axes
  4332 | D:6      | Reached XP level 8. HP: 53/70 MP: 5/7
  4344 | D:6      | Reached skill level 5 in Shields
  4829 | D:6      | Killed Eustachio
  4830 | D:6      | Reached skill level 5 in Throwing
  4866 | D:7      | Noticed Menkaure
  4881 | D:6      | Killed Menkaure
  4934 | D:7      | Reached skill level 8 in Axes
  5248 | D:7      | Noticed Harold
  5257 | D:7      | Killed Harold
  5258 | D:7      | Reached XP level 9. HP: 78/78 MP: 5/8
  5339 | D:7      | Found Gohyiloe's Distillery.
  5784 | D:8      | Found Roeq's Jewellery Boutique.
  5808 | D:8      | Reached skill level 9 in Axes
  5838 | D:8      | Found a flagged portal.
  5853 | Bailey   | Entered a bailey
  5869 | Bailey   | Reached skill level 5 in Evocations
  6088 | Bailey   | Reached **** piety under Trog
  6089 | Bailey   | Reached XP level 10. HP: 10/86 MP: 1/9
  6408 | Bailey   | Identified the ring "Zoppiosico" {Fly rPois MP+9 Int+8
                  | Dex-4}
  8017 | D:9      | Reached skill level 10 in Axes
  8034 | D:9      | Found a staircase to the Orcish Mines.
  8912 | D:9      | Found a staircase to the Lair.
  9078 | D:9      | Noticed Prince Ribbit
  9095 | D:9      | Killed Prince Ribbit
 10066 | D:10     | Entered Level 10 of the Dungeon
 10067 | D:10     | Noticed a centaur warrior
 10078 | D:10     | Killed a centaur warrior
 10213 | D:10     | Noticed a tengu warrior
 10248 | D:10     | Killed a tengu warrior
 10249 | D:10     | Reached skill level 11 in Axes
 10249 | D:10     | Reached XP level 11. HP: 34/94 MP: 10/10
 10566 | D:10     | Noticed a deep elf pyromancer
 10584 | D:10     | Slain by a fire elemental

Illustrated notes

Levels and vault maps discovered:
D:1:      roderic_dead_forest, layout_basic, ebering_ecumenical_altar_abandoned
D:2:      layout_basic
D:3:      layout_rooms, okawaru_trees_1, grunt_decor_cap
D:4:      nicolae_cairo_tiling_large, layout_rooms,
          minmay_temple_entry_sparse_star, uniq_blork_the_orc
D:5:      layout_basic, serial_shops, nicolae_shop_behind_doors, shop,
          nicolae_diamond_shop
D:6:      layout_cave_pools, uniq_eustachio, uniq_grinder
D:7:      layout_basic, serial_shops, shop, st_stairs_12, due_unseen_surprise,
          uniq_harold, uniq_menkaure
D:8:      layout_rooms, serial_shops, kennysheep_mini_moat, enter_bailey_4,
          hex_medium
D:9:      layout_layer_cave, erik_lair_island, hiddenorc2_lemuel,
          uniq_prince_ribbit1
D:10:     layout_stronghold, uniq_psyche

Skill      XL: |  1  2  3  4  5  6  7  8  9 10 |
---------------+-------------------------------+-----
Axes           | 4 5 6 7 8 9 11 | 11.0
Fighting       | 4 5 6 7 8 |  8.2
Throwing       | 2 3 4 5 6 8 |  8.4
Shields        | 1 2 3 4 6 7 9 |  9.2
Evocations     | 1 2 4 5 6 |  6.9
Armour         | |  2.4
Dodging        | |  2.1

Action                   |  1- 3 |  4- 6 |  7- 9 | 10-12 || total
-------------------------+-------+-------+-------+-------++-------
Melee: Hand axe          |    59 |   100 |   146 |       ||   305
       Headbutt          |     7 |    19 |    50 |    26 ||   102
       Punch             |     1 |       |       |       ||     1
       Broad axe         |       |       |    89 |   266 ||   355
Throw: Stone             |     3 |    43 |    54 |    95 ||   195
       Dart              |       |       |       |     4 ||     4
Invok: Berserk           |     1 |     1 |     6 |     5 ||    13
       Trog's Hand       |     1 |       |     2 |     1 ||     4
Evoke: Wand              |       |       |       |     3 ||     3
  Use: Scroll            |       |     5 |     1 |     2 ||     8
 Stab: Sleeping          |     1 |       |       |       ||     1
Armor: Animal skin       |     8 |       |       |       ||     8
       Troll leather arm |       |    41 |    78 |       ||   119
       Chain mail        |       |       |    17 |    18 ||    35
       Plate armour      |       |       |       |   153 ||   153
Dodge: Dodged            |    37 |    59 |   187 |    97 ||   380
Block: Buckler           |       |    21 |    87 |   154 ||   262
       Reflection        |       |       |       |     2 ||     2
